Arrhythmia, chaotic female vampiric Convict ------ - --....| .--...-.--- |.........--- --.....--...-- |.....-|....-- ---......|.....| |.......-|.|..-- |.....---|.|.-- --..--- |...-- 0| ---- |..).| -.| |....| |%| |...-- |%| |<----- |.| |...|.| |.| ---..u---.| |..@_..)| ----....| ----.- | Arrhythmia the Jail-bird Experience level: 8 Strength: 14 Dexterity: 16 Constitution: 20 Intelligence: 9 Wisdom: 8 Charisma: 7 Health: 0(87) Energy: 47(47) AC: 8 Gold: 571 Moves: 3679 Your Inventory: Coins $ - 571 gold pieces Weapons i - an [uncursed +0] runed dagger [elven] v - a cursed [-1] broad pick [dwarvish mattock] (weapon in hands) Armor b - a cursed +0 striped shirt (being worn) n - an [uncursed] +0 hooded cloak [dwarvish] (being worn) o - an [uncursed] +0 pair of hard shoes [iron] (being worn) Scrolls e - a [blessed] scroll labeled DAIYEN FOOELS [of remove curse] h - an [uncursed] scroll labeled YUM YUM [of stinking cloud] y - an [uncursed] scroll labeled MAPIRO MAHAMA DIROMAT [of food detection] z - a [cursed] scroll labeled THARR [of enchant weapon] H - a [cursed] scroll labeled VELOX NEB [of flood] Potions c - a [cursed] indigo potion [of hallucination] f - an [uncursed] ruby potion [of polymorph] g - an [uncursed] magenta potion [of gain energy] p - an [uncursed] clear potion [of water] t - an [uncursed] potion of full healing C - an [uncursed] indigo potion [of hallucination] I - an [uncursed] cloudy potion [of healing] Tools s - an [uncursed] skeleton key x - 2 [uncursed tallow] candles D - an [uncursed] magic whistle F - an [uncursed] partly used [wax] candle (lit) Gems r - an [uncursed] white gem [diamond] u - 2 [uncursed] blue gems [worthless glass] w - an [uncursed] orange gem [worthless glass] Iron balls d - an [uncursed] heavy iron ball (chained to you) Spells known in the end: Name Level Category Fail Memory Your skills at the end: Fighting Skills Weapon Skills sling [Basic / Skilled] Spellcasting Skills Final Attributes: You were piously aligned. Hunger level was 639. Your alignment was 26 / 28. Monster difficulty range was 1 - 7. Level difficulty was 6. You were immune to poison. You were immune to level-drain. You were immune to sickness. You were punished. You could fly. You could survive without air. You regenerated. Your luck was zero. You are dead. Vanquished creatures: a lizard a raven 4 apes an orc shaman a rock mole 5 gnome lords 2 gnomish wizards a golden naga hatchling 2 giant ants a little dog a kitten 7 dwarves 3 kobold lords a kobold shaman an orc zombie an iguana 6 killer bees 2 coyotes a gas spore 3 hobbits 3 giant rats a brown mold a yellow mold a green mold a red mold 32 gnomes a jackal a fox a kobold 2 grid bugs 2 lichens 6 newts 97 creatures vanquished. Voluntary challenges: You went without food. You used a wielded weapon 33 times. You read items or engraved 48 times. You put on armor 6 times. You never genocided any monsters. You never polymorphed an object. You never changed form. You used no wishes. You wrote Elbereth's name 29 times. You encountered 1 bones level. You never used any Sokoban shortcuts. Dungeon overview: The Dungeons of Doom: levels 1 to 2 Level 1 a fountain a long staircase Level 2 stairs to The Gnomish Mines The Gnomish Mines: levels 3 to 6 Level 3 stairs to The Dungeons of Doom Level 5 <- You were here History has recorded: On T:1 you entered the Dungeons of Doom to retrieve the Amulet of Yendor! On T:612 you reached level 2 of The Dungeons of Doom. On T:631 you advanced to experience level 2. On T:750 you advanced to experience level 3. On T:891 you reached level 1 of The Gnomish Mines. On T:919 you advanced to experience level 4. On T:945 you advanced to experience level 5. On T:1439 you advanced to experience level 6. On T:1682 you reached level 2 of The Gnomish Mines. On T:2050 you reached level 3 of The Gnomish Mines. On T:2074 you advanced to experience level 7. On T:3228 you advanced to experience level 8. On T:3567 you reached level 4 of The Gnomish Mines. Latest messages: You see here a crude dagger. The gray unicorn butts! The gray unicorn kicks! The gray unicorn butts! The gray unicorn kicks! [HP-30=57] The gray unicorn butts! The gray unicorn kicks! The gray unicorn butts! The gray unicorn kicks! [HP-26=31] You miss the gray unicorn. (2x) The gray unicorn butts! The gray unicorn kicks! The gray unicorn butts! The gray unicorn kicks! [HP-23=8] You miss the gray unicorn. You bite the gray unicorn. You feed on the lifeblood. The gray unicorn suddenly seems weaker! The gray unicorn butts! The gray unicorn kicks! The gray unicorn butts! You die... Final status: Goodbye Arrhythmia the Convict... You died in The Gnomish Mines on dungeon level 6 with 3740 points, and 571 pieces of gold, after 3679 moves. You were level 8 with a maximum of 87 hit points when you died.